 Dungeon Crawl Stone Soup version 0.20-a0-19-gd4fea00 (webtiles) character file.

26711 Blackbelt the Protected (level 12, -3/106 HPs)
             Began as a Demigod Gladiator on Nov 6, 2016.
             Succumbed to a spiny frog's poison
             ... on level 6 of the Lair of Beasts.
             The game lasted 00:44:35 (14774 turns).

Blackbelt the Protected (Demigod Gladiator)        Turns: 14774, Time: 00:44:36

Health: -3/106     AC: 21    Str: 22    XL:     12   Next: 63%
Magic:  15/15      EV: 17    Int: 12    God:
Gold:   438        SH:  0    Dex: 20    Spells: 0 memorised, 11 levels left

rFire  x . .     SeeInvis +     n - +1 scimitar (flame)
rCold  + . .     Gourm    .     C - +3 scale mail of Recklessness {Regen+ rCorr SInv}
rNeg   . . .     Faith    .     (no shield)
rPois  .         Spirit   .     m - +1 hat
rElec  .         Reflect  .     v - +0 cloak
rCorr  +         Harm     .     o - +2 pair of gloves
MR     +....                    F - +0 pair of boots
Stlth  ..........               K - amulet of rage
                                W - +2 ring of protection
                                s - ring of ice

@: lethally poisoned (-3 -> -48), exhausted, slowed, very slow
A: high mp 1, wild magic 1
a: Evoke Berserk Rage


You were on level 6 of the Lair of Beasts.
You were not hungry.

You visited 2 branches of the dungeon, and saw 14 of its levels.

You collected 910 gold pieces.
You spent 472 gold pieces at shops.

Inventory:

Hand Weapons
 a - a +0 long sword of draining
 n - a +1 scimitar of flaming (weapon)
Armour
 b - a +0 scale mail of fire resistance
 m - a +1 hat (worn)
 o - a +2 pair of gloves (worn)
 v - a +0 cloak (worn)
 C - the +3 scale mail of Recklessness (worn) {Regen+ rCorr SInv}
   (You bought it in a shop on level 4 of the Dungeon)

   It lets you see invisible.
   It increases your rate of regeneration.
   It protects you from acid and corrosion.
 F - a +0 pair of boots (worn)
Jewellery
 i - an uncursed ring of magical power
 q - a +2 amulet of reflection
 s - a ring of ice (left hand)
 t - an uncursed ring of flight
 y - an uncursed ring of resist corrosion
 D - an uncursed amulet of harm
 K - an amulet of rage (around neck)
 U - an uncursed amulet of magic regeneration
 W - a +2 ring of protection (right hand)
Wands
 e - a wand of flame (24/48)
 A - a wand of random effects (30/48)
 H - a wand of polymorph (15/24)
Scrolls
 g - a scroll of enchant weapon {unknown}
 l - 5 scrolls of fog
 p - 2 scrolls of teleportation
 J - a scroll of recharging
 P - a scroll of fear {unknown}
 Q - a scroll of amnesia
 T - 2 scrolls of torment {unknown}
Potions
 c - 3 potions of berserk rage
 j - 4 potions of brilliance
 u - a potion of flight
Books
 r - a book of Geomancy

   Spells                             Type                      Level
   a - Sandblast                      Earth                        1
   b - Passwall                       Transmutation/Earth          2
   c - Stone Arrow                    Conjuration/Earth            3
   d - Petrify                        Transmutation/Earth          4
   e - Lee's Rapid Deconstruction     Earth                        5
Comestibles
 d - 3 royal jellies
 f - 9 bread rations
 h - 5 meat rations
 k - 10 chunks of flesh
 M - 7 fruits


   Skills:
 - Level 10.0 Fighting
 - Level 10.5 Long Blades
 - Level 1.7 Throwing
 - Level 12.0 Armour
 + Level 9.0 Dodging


You had 11 spell levels left.
You didn't know any spells.

Dungeon Overview and Level Annotations

Branches:
Dungeon (8/15)             Temple (0/1) D:5            Lair (6/6) D:8
 Shoals (0/4) Lair:4       Spider (0/4) Lair:2        Slime (0/5) Lair:6

Shops:
D:4 [[(   D:5 *

Annotations:
Lair:5 Kirke


Innate Abilities, Weirdness & Mutations

You have an increased reservoir of magic. (+10% MP)
Your spells are a little harder to cast, but a little more powerful.


Message History

* * * LOW HITPOINT WARNING * * *
The seven-headed hydra bites you!
* * * LOW HITPOINT WARNING * * *
The spiny frog stings you!
* * * LOW HITPOINT WARNING * * *
You are more poisoned.
The spiny frog poisons you!
The seven-headed hydra bites you but does no damage.
The seven-headed hydra bites you.
* * * LOW HITPOINT WARNING * * *
The seven-headed hydra closely misses you.
The seven-headed hydra bites you but does no damage. x2
The seven-headed hydra bites you!
* * * LOW HITPOINT WARNING * * *
The seven-headed hydra misses you.
Unknown command.
Your scale mail of Recklessness prevents you from hitting the seven-headed hydra.
The seven-headed hydra is lightly wounded.
Your surroundings suddenly seem different.
You die...

....%........,,,,,,,,,,,,,,,,,,,,
P....P.#.###.,***,**,,,,,,,,,,,*,
#.....#### **** *****,,,,,***,***
#...### **,,,,** *** ......#
*,,,,,,* #....### ***,,,** ##
#....P.###### #### *,,,,,*** ##S
P......#...P####..###P..,,*,**#.h
................@.....!.,,,,,*##.
........................,,,,**≈##
............l...........,,,,*≈≈≈*
#......########.....#P#.*,*****≈≈
#......# *.....##*#**** *≈≈*
#....### #....P#* **≈≈* #...$#*
#......# **≈≈** #...#,* #(...###
**≈≈*** ,,,,,** *** **,,,,*
*≈≈****


You could see a wyvern (wandering).

Vanquished Creatures
  Gastronok (D:8)
  2 hydras (Lair:2)
  Erica (D:8)
  The ghost of xvga the Cruncher, a novice DgWn (Lair:2)
  The ghost of patman the Nimble, a novice OpMo of Okawaru (D:8)
  A wolf spider (Lair:2)
  An elephant (D:8)
  2 black mambas
  2 sirens (Lair:4)
  4 spiny frogs
  2 komodo dragons
  A rime drake (Lair:2)
  2 jumping spiders (Lair:2)
  2 polar bears (Lair:3)
  A troll (D:8)
  2 merfolk (Lair:4)
  7 dream sheep (Lair:6)
  10 blink frogs
  3 hippogriffs
  Sigmund (D:4)
  4 hogs (Lair:5)
  2 redbacks (Lair:2)
  4 basilisks
  Eustachio (D:4)
  31 yaks
  Edmund (D:4)
  11 water moccasins
  4 porcupines
  3 orc warriors (D:8)
  A hornet zombie (D:8)
  A sky beast (D:7)
  An ice beast (D:7)
  4 phantoms
  A black bear (Lair:4)
  7 wolves
  2 ogres
  3 centaurs
  13 crocodiles
  11 bullfrogs
  A big kobold (D:8)
  2 scorpions
  5 wights (D:8)
  3 howler monkeys
  2 crimson imps (D:7)
  2 jellies
  A quasit (D:7)
  2 bullfrog skeletons
  A centaur skeleton (D:5)
  2 hounds
  7 orc priests
  Jessica (D:2)
  An iguana (D:8)
  2 hell rats (Lair:2)
  9 orc wizards
  6 worker ants
  Natasha (D:3)
  A killer bee zombie (D:4)
  2 hound skeletons
  A worker ant zombie (D:8)
  Robin (D:2)
  3 gnolls (D:3)
  6 river rats (Lair:2)
  5 adders
  2 shadow imps (D:8)
  2 oozes
  An adder skeleton (D:6)
  4 dart slugs
  4 leopard geckos
  31 orcs
  2 ball pythons
  7 bats
  7 giant cockroaches
  14 goblins
  8 hobgoblins
  2 jackals (D:3)
  14 kobolds
  2 quokkas
  7 frilled lizards
  6 rats
332 creatures vanquished.

Vanquished Creatures (others)
  2 orc wizards (D:7)
  An iguana (D:8)
  2 orcs (D:8)
  2 bushes (Lair:3)
  6 fungi
  2 plants
15 creatures vanquished.

Grand Total: 347 creatures vanquished

Notes
Turn   | Place    | Note
-------+----------+-------------------------------------------
     0 | D:1      | Blackbelt the Demigod Gladiator began the quest for the Orb.
     0 | D:1      | Reached XP level 1. HP: 17/17 MP: 3/3
   242 | D:1      | Reached XP level 2. HP: 24/24 MP: 4/4
   632 | D:1      | Reached XP level 3. HP: 29/29 MP: 5/5
   872 | D:2      | Found a shadowy altar of Dithmenos.
   930 | D:2      | Noticed Robin
  1278 | D:2      | Killed Robin
  1446 | D:2      | Noticed Jessica
  1455 | D:2      | Killed Jessica
  1455 | D:2      | Reached XP level 4. HP: 32/36 MP: 6/6
  1529 | D:2      | Reached skill level 5 in Long Blades
  1833 | D:3      | Noticed an ogre
  1846 | D:3      | Killed an ogre
  1846 | D:3      | Reached XP level 5. HP: 12/41 MP: 7/7
  2158 | D:3      | Found a blossoming altar of Fedhas.
  2313 | D:3      | Reached XP level 6. HP: 48/48 MP: 8/8
  2439 | D:3      | Found a hide-covered altar of Uskayaw.
  2694 | D:3      | Found a glowing silver altar of Zin.
  2694 | D:3      | Found a white marble altar of Elyvilon.
  2694 | D:3      | Found a glowing golden altar of the Shining One.
  2878 | D:4      | Noticed Edmund
  2911 | D:4      | Killed Edmund
  2998 | D:4      | Noticed Eustachio
  3099 | D:4      | Noticed Sigmund
  3177 | D:4      | Killed Sigmund
  3177 | D:4      | Reached XP level 7. HP: 27/53 MP: 9/9
  3401 | D:4      | Found Fazareb's Antique Armour Shop.
  3417 | D:4      | Bought a fine robe for 148 gold pieces
  3427 | D:4      | Identified the cursed +1 robe of the Wheelwright {-Tele rElec MR+ SInv} (You bought it in a shop on level 4 of the Dungeon)
  3752 | D:4      | Found Irghait's Antique Weapon Shop.
  3784 | D:4      | Found Fegips's Antique Armour Shop.
  3918 | D:4      | Noticed Natasha
  3937 | D:3      | Killed Natasha
  3950 | D:4      | Killed Eustachio
  4367 | D:5      | Entered Level 5 of the Dungeon
  4933 | D:5      | Found an opulent altar of Gozag.
  5297 | D:5      | Reached XP level 8. HP: 59/60 MP: 10/10
  5634 | D:5      | Found Hutifir's Assorted Antiques.
  5637 | D:5      | Bought a scroll of remove curse for 72 gold pieces
  5697 | D:5      | Found a staircase to the Ecumenical Temple.
  5916 | D:6      | Reached skill level 10 in Long Blades
  6040 | D:6      | Found a shattered altar of Ashenzari.
  6175 | D:4      | Bought an encrusted scale mail for 252 gold pieces
  6185 | D:4      | Identified the +3 scale mail of Recklessness {Regen+ rCorr SInv} (You bought it in a shop on level 4 of the Dungeon)
  6506 | D:6      | Found an iron altar of Okawaru.
  6712 | D:7      | Found a deep blue altar of Sif Muna.
  6717 | D:7      | Found a snail-covered altar of Cheibriados.
  6751 | D:7      | Got a sheer robe
  6774 | D:7      | Identified the +1 robe of Untold Secrets {rElec} (You found it on level 7 of the Dungeon)
  7168 | D:7      | Reached skill level 5 in Dodging
  7256 | D:7      | Reached skill level 1 in Armour
  7308 | D:8      | Noticed an elephant
  7342 | D:8      | Killed an elephant
  7342 | D:8      | Reached skill level 3 in Armour
  7342 | D:8      | Reached XP level 9. HP: 42/67 MP: 11/11
  7353 | D:8      | Found a staircase to the Lair.
  7359 | D:8      | Reached skill level 4 in Armour
  7363 | D:8      | Noticed patman's ghost (novice OpMo)
  7385 | D:8      | Noticed Erica
  7508 | D:7      | Gained mutation: Your spells are a little harder to cast, but a little more powerful. [potion of beneficial mutation]
  7570 | D:8      | Found a sparkling altar of Nemelex Xobeh.
  7644 | D:8      | Killed patman's ghost
  7644 | D:8      | Reached skill level 6 in Armour
  7708 | D:8      | Found a burning altar of Makhleb.
  7807 | D:8      | Noticed Gastronok
  7834 | D:8      | Killed Gastronok
  7834 | D:8      | Reached skill level 8 in Armour
  7834 | D:8      | Reached XP level 10. HP: 37/73 MP: 13/13
  7965 | D:8      | Killed Erica
  7965 | D:8      | Reached skill level 9 in Armour
  8048 | D:8      | Found a radiant altar of Vehumet.
  8349 | D:8      | Reached skill level 10 in Armour
  8715 | Lair:1   | Entered Level 1 of the Lair of Beasts
  8985 | Lair:1   | Got a smoking lajatang
  8986 | Lair:1   | Identified the cursed +2 lajatang of Pride {drain, Dex+2} (You found it on level 1 of the Lair of Beasts)
  9113 | Lair:1   | Reached skill level 11 in Armour
  9655 | Lair:2   | Noticed a six-headed hydra
  9881 | Lair:2   | Noticed xvga's ghost (novice DgWn)
  9894 | Lair:2   | Reached XP level 11. HP: 54/79 MP: 14/14
  9914 | Lair:2   | Killed xvga's ghost
 10097 | Lair:2   | Reached skill level 12 in Armour
 10228 | Lair:2   | Killed a two-headed hydra
 10828 | Lair:2   | Noticed a five-headed hydra
 10838 | Lair:2   | Killed a one-headed hydra
 10838 | Lair:2   | Reached skill level 5 in Fighting
 10962 | Lair:2   | Found a hole to the Spider Nest.
 12559 | Lair:3   | Reached XP level 12. HP: 74/104 MP: 15/15
 13242 | Lair:4   | Reached skill level 10 in Fighting
 13606 | Lair:4   | Found a staircase to the Shoals.
 14479 | Lair:5   | Noticed Kirke
 14509 | Lair:6   | Entered Level 6 of the Lair of Beasts
 14543 | Lair:6   | Noticed a catoblepas
 14768 | Lair:6   | Noticed an eight-headed hydra
 14773 | Lair:6   | HP: 3/106 [seven-headed hydra (10)]
 14774 | Lair:6   | Succumbed to a spiny frog's poison

Vault maps used:
D:1:      saegor_arrival_miasma, minmay_misc_feat_enclosed
D:2:      grunt_dithmenos_smoke_and_mirrors, first_bread, uniq_robin,
          uniq_jessica
D:3:      good_gods_mini_temple, fedhas_altar_1, lemuel_doored_altar
D:4:      serial_shops, shop_coins, kennysheep_mini_moat, nicolae_shop_stone,
          hangedman_abyss_or_decor_stagger, uniq_sigmund, uniq_edmund,
          uniq_eustachio, uniq_natasha
D:5:      basic_altar, serial_shops, kennysheep_mini
D:6:      ashenzari_conservatory_becter, okawaru_trees_2
D:7:      led_sif_book, cheibriados_altar_1
D:8:      fiery_altar_vehumet, bloody_makhleb, david_lair_generic, basic_altar,
          uniq_gastronok, uniq_erica
Lair:1:   guppyfry_lair_drakes
Lair:2:   kennysheep_rathole, spider_nest_entry_funnel_web, minivault_24,
          infiniplex_staircase_pool_2, serial_bayou_shore_b,
          serial_bayou_shore_b, grunt_megastairs_4, lemuel_fruit_tree
Lair:4:   elwin_shoals_entry_stream
Lair:5:   uniq_urug, uniq_kirke
Lair:6:   cheibrodos_lair_end_hotspot, slime_altar_1, lab_entry_generic

Skill      XL: |  1  2  3  4  5  6  7  8  9 10 11 12 |
---------------+-------------------------------------+-----
Long Blades    | 3 4 5 6 7 9 10 | 10.5
Dodging        | 5 9 |  9.0
Armour         | 3 8 11 12 | 12.0
Fighting       | 9 10 | 10.0
Throwing       | |  1.7

Action                   |  1- 3 |  4- 6 |  7- 9 | 10-12 || total
-------------------------+-------+-------+-------+-------++-------
Melee: Long sword        |   113 |   159 |   456 |    33 ||   761
       Scimitar          |       |       |       |   774 ||   774
       Unarmed           |       |       |       |    12 ||    12
Throw: Throwing net      |     1 |     5 |       |       ||     6
 Abil: Evoke Berserk Rag |       |       |     1 |     5 ||     6
Evoke: Wand              |       |       |       |     1 ||     1
  Use: Scroll            |     2 |     2 |    15 |    12 ||    31
       Potion            |     1 |     2 |     5 |     8 ||    16
 Stab: Sleeping          |     1 |       |     2 |       ||     3
       Held in net/web   |       |     1 |       |       ||     1
       Invisible         |       |       |       |     2 ||     2
  Eat: Chunk             |     2 |     4 |    14 |    13 ||    33
       Beef jerky        |       |     1 |       |     2 ||     3
       Bread ration      |       |       |     1 |       ||     1
       Meat ration       |       |       |       |     2 ||     2
       Pizza             |       |       |       |     2 ||     2
Armor: Leather armour    |    19 |       |       |       ||    19
       Ring mail         |    31 |       |       |       ||    31
       Chain mail        |     6 |    77 |       |       ||    83
       Scale mail        |       |     7 |   128 |   399 ||   534
       Robe              |       |       |    35 |       ||    35
Dodge: Dodged            |    90 |    56 |   239 |   559 ||   944
Block: Other             |       |    15 |    21 |       ||    36
       Rpst.: Long sword |    19 |    20 |    70 |     7 ||   116
       Scimitar          |       |       |       |   132 ||   132
